 Dungeon Crawl Stone Soup version 0.20.1-1-g8b1a95d (webtiles) character file.

82 mopl the Skirmisher (level 4, -3/37 HPs)
             Began as a Formicid Wanderer on Sept 1, 2017.
             Slain by an orc (4 damage)
             ... on level 3 of the Dungeon.
             The game lasted 00:04:32 (2251 turns).

mopl the Skirmisher (Formicid Wanderer)             Turns: 2251, Time: 00:04:33

Health: -3/37      AC:  5    Str: 14    XL:     4   Next: 70%
Magic:  5/5        EV: 10    Int: 11    God:
Gold:   154        SH:  4    Dex: 14    Spells: 3/3 levels left

rFire    . . .     SeeInvis +   e - +0 hand axe
rCold    . . .     Gourm    .   h - +0 buckler
rNeg     . . .     Faith    .   j - +0 ring mail
rPois    .         Spirit   .   (helmet unavailable)
rElec    .         Reflect  .   (no cloak)
rCorr    .         Harm     .   (no gloves)
MR       .....                  (no boots)
Stlth    +.........             (no amulet)
Regen    0.2/turn               (no ring)
MPRegen  0.1/turn               (no ring)

@: no status effects
A: permanent stasis, dig shafts and tunnels, four strong arms, antennae 3
a: Dig, Shaft Self


You were on level 3 of the Dungeon.
You were not hungry.

You visited 1 branch of the dungeon, and saw 3 of its levels.

You collected 154 gold pieces.

Inventory:

Hand Weapons
 e - a +0 hand axe (weapon)
 k - a +1 dagger of draining
Missiles
 q - 14 poisoned needles
 r - 8 tomahawks (quivered)
Armour
 d - a +0 robe
 h - a +0 buckler (worn)
 j - a +0 ring mail (worn)
 t - a +0 plate armour
Wands
 a - a wand of enslavement (15/24)
Scrolls
 b - a scroll of fear {unknown}
 g - a scroll of teleportation {unknown}
 i - 7 scrolls of identify {unknown}
 l - 5 scrolls of recharging {unknown}
 m - a scroll of enchant armour {unknown}
 v - a scroll of magic mapping {unknown}
Potions
 c - 3 potions of curing
 n - 2 potions of haste {unknown}
 s - a potion of heal wounds {unknown}
 w - 2 potions of might {unknown}
 x - a potion of resistance {unknown}
Comestibles
 f - 2 bread rations
 p - 3 meat rations
 u - a royal jelly


   Skills:
 + Level 4.1 Fighting
 * Level 1.3(1.5) Axes
   Level 1.0(1.9) Polearms
   Level 2.0(2.1) Staves
 + Level 1.4 Armour
 - Level 2.4 Stealth
 + Level 2.6 Shields
 - Level 2.1 Evocations


You had 3 spell levels left.
You didn't know any spells.

Dungeon Overview and Level Annotations

Branches:
Dungeon (3/15)

Altars:
Gozag
Makhleb
Nemelex Xobeh
Vehumet
The Shining One


Innate Abilities, Weirdness & Mutations

You cannot be hasted, slowed, berserked, paralysed or teleported.
You can dig through walls and to a lower floor.
Your four strong arms can wield two-handed weapons with a shield.
You have a pair of large antennae on your head. (SInv)


Message History

You hit the orc wizard.
The orc wizard is severely wounded.
You hit the orc. You barely miss the kobold. You hit the orc.
You hit the orc but do no damage. The kobold hits you but does no damage.
The orc wizard casts a spell at you. The puff of frost hits you!
* * * LOW HITPOINT WARNING * * *
The orc barely misses you. The orc hits you with a trident.
* * * LOW HITPOINT WARNING * * *
The orc barely misses you. You block the kobold's attack.
Unknown command.
You closely miss the orc wizard.
The orc wizard is severely wounded.
You hit the orc. x2
You kill the orc!
You hit the kobold. You closely miss the hobgoblin. You hit the orc.
The orc wizard hits you but does no damage.
The orc completely misses you. The hobgoblin barely misses you.
You block the orc's attack. The kobold barely misses you. The orc hits you.
You die...

{ ### ....
#####.....
#oo.......
#.@g....#
#owK......
#........#
#.......##
#.......?.
#.......##
#########


You could see a worm, an orc wizard, 2 orcs, a hobgoblin and a kobold.

Vanquished Creatures
  2 adders (D:2)
  An ooze (D:2)
  A worm (D:2)
  2 dart slugs (D:1)
  A leopard gecko (D:2)
  An orc (D:3)
  2 giant cockroaches
  8 goblins
  10 hobgoblins
  5 kobolds
  A quokka (D:2)
  4 bats
  3 frilled lizards
  11 rats
52 creatures vanquished.

Notes
Turn   | Place    | Note
-------+----------+-------------------------------------------
     0 | D:1      | mopl the Formicid Wanderer began the quest for the Orb.
     0 | D:1      | mopl set off with: a wand of enslavement (15/24), a +0 spear, a potion of curing, a +0 robe, a +0 dagger, a bread ration
     0 | D:1      | Reached XP level 1. HP: 18/18 MP: 2/2
   187 | D:1      | Reached skill level 1 in Shields
   187 | D:1      | Reached XP level 2. HP: 21/24 MP: 3/3
   476 | D:1      | Reached skill level 1 in Armour
   476 | D:1      | Reached XP level 3. HP: 22/30 MP: 4/4
   887 | D:1      | Found a glowing golden altar of the Shining One.
   960 | D:2      | Reached skill level 2 in Shields
  1011 | D:2      | Reached skill level 4 in Fighting
  1360 | D:2      | Reached XP level 4. HP: 33/37 MP: 5/5
  1539 | D:2      | Reached skill level 1 in Axes
  1885 | D:2      | Found a faded altar of an unknown god.
  1885 | D:2      | Found an opulent altar of Gozag.
  1890 | D:2      | Found a burning altar of Makhleb.
  1892 | D:2      | Found a sparkling altar of Nemelex Xobeh.
  1894 | D:2      | Found a radiant altar of Vehumet.
  2250 | D:3      | HP: 1/37 [orc/trident (1)]
  2251 | D:3      | Slain by an orc

Skill      XL: |  1  2  3  4 |
---------------+-------------+-----
Shields        | 1 2 |  2.6
Armour         | 1 |  1.4
Fighting       | 4 |  4.1
Axes           | 1 |  1.3
Polearms       | |  1.0
Staves         | |  2.0
Stealth        | |  2.4
Evocations     | |  2.1

Action                   |  1- 3 |  4- 6 || total
-------------------------+-------+-------++-------
Melee: Spear             |   115 |       ||   115
       Hand axe          |    12 |    78 ||    90
 Abil: Dig               |     2 |       ||     2
 Stab: Sleeping          |     1 |     4 ||     5
  Eat: Chunk             |     2 |     3 ||     5
Armor: Ring mail         |    26 |    36 ||    62
       Robe              |     1 |       ||     1
Dodge: Dodged            |    44 |    61 ||   105
Block: Buckler           |    11 |    14 ||    25
